 Dungeon Crawl Stone Soup version 0.31-a0-1009-g454b1f1e0a (webtiles) character file.

Game seed: 14147470455827837377

2522 BinkBink the Skirmisher (level 9, -3/41 HPs)
             Began as a Spriggan Hunter on Nov 15, 2023.
             Killed from afar by an electric eel (13 damage)
             ... with a bolt of electricity
             ... on level 7 of the Dungeon.
             The game lasted 00:10:57 (7722 turns).

BinkBink the Skirmisher (Spriggan Hunter)           Turns: 7722, Time: 00:10:59

Health: -3/41      AC:  2    Str:  7    XL:     9   Next: 29%
Magic:  10/10      EV: 19    Int: 10    God:
Gold:   312        SH:  0    Dex: 29    Spells: 8/8 levels left

rFire   . . .        a - +0 shortbow
rCold   . . .        (shield currently unavailable)
rNeg    . . .        c - +0 robe
rPois   .            (helmet restricted)
rElec   .            (no cloak)
rCorr   .            (gloves unavailable)
SInv    +            (boots unavailable)
Will    ++...        (no amulet)
Stlth   ++           m - ring of willpower
HPRegen 0.26/turn    o - +6 ring of dexterity
MPRegen 0.12/turn

%: no passive effects
@: slow
A: very small, no large weapons, unfitting armour, see invisible, speed 3
a: no special abilities


You were on level 7 of the Dungeon.
You visited 1 branch of the dungeon, and saw 7 of its levels.

You collected 312 gold pieces.

Inventory:

Hand Weapons
 a - a +0 shortbow (weapon)
 j - a +3 orcbow
Missiles
 q - 2 throwing nets
Armour
 c - a +0 robe (worn)
Jewellery
 m - a ring of willpower (left hand)
 o - a +6 ring of dexterity (right hand)
Wands
 x - a wand of mindburst (10)
Scrolls
 b - a scroll of butterflies
 e - 9 scrolls of identify {unknown}
 g - a scroll of enchant armour {unknown}
 i - 2 scrolls of amnesia {unknown}
 k - a scroll of fear {unknown}
 l - a scroll of revelation {unknown}
 n - 4 scrolls of teleportation {unknown}
 r - a scroll of blinking {unknown}
 s - a scroll of fog {unknown}
 t - a scroll of immolation {unknown}
 w - 3 scrolls of brand weapon {unknown}
Potions
 d - a potion of lignification {unknown}
 f - 3 potions of curing {unknown}
 h - a potion of attraction {unknown}
 p - 2 potions of resistance {unknown}
 u - a potion of invisibility {unknown}
 v - a potion of berserk rage {unknown}
 z - 2 potions of might {unknown}


   Skills:
 - Level 1.5 Fighting
 + Level 13.1 Ranged Weapons
 - Level 2.6 Dodging
 - Level 1.5 Stealth


You had 8 spell levels left.
You didn't know any spells.
Your spell library contained the following spells:

 Spells                   Type           Power      Damage    Failure   Level
 Ensorcelled Hibernation  Hex/Ice        0%         N/A       50%         2
 Jinxbite                 Hex            0%         N/A       50%         2
 Poisonous Vapours        Pois/Air       0%         N/A       50%         2
 Mephitic Cloud           Conj/Pois/Air  0%         N/A       75%         3
 Anguish                  Hex/Necr       0%         N/A       98%         4
 Freezing Cloud           Conj/Ice/Air   0%         6-21      100%        5


Dungeon Overview and Level Annotations

Branches:
Dungeon (7/15)             Temple (0/1) D:4

Altars:
Dithmenos
Kikubaaqudgha
Makhleb
Xom
The Shining One

Shops:
D:2 (   D:6 =

Annotations:
D:3 1 runed translucent door, Crazy Yiuf


Innate Abilities, Weirdness & Mutations

You are very small and have problems with some larger weapons.
You are too small for most types of armour.
You have supernaturally acute eyesight. (SInv)
You cover ground extremely quickly. (Speed+++)


Message History

You shoot an arrow.
The arrow hits the centaur but does no damage.
The centaur is heavily wounded.
The centaur shoots an arrow.
The arrow hits you!
You shoot an arrow. The arrow hits the centaur!
You kill the centaur!
You shoot an arrow. The orc warrior shouts!
The arrow hits the orc warrior.
The orc warrior is moderately wounded.
You shoot an arrow. The arrow hits the orc warrior.
The orc warrior is moderately wounded.
You shoot an arrow. The arrow hits the orc warrior.
The orc warrior is moderately wounded.
You shoot an arrow.
The arrow closely misses the orc warrior.
The orc warrior attacks as it pursues you!
The orc warrior misses you.
A sleepcap comes into view.
You enter the shallow water.
Moving in this stuff is going to be slow.
The sky beast flickers out of sight for a moment.
The electric eel shoots out a bolt of lightning at you!
The bolt of electricity hits you!
The electric eel shoots out a bolt of lightning at you!
The bolt of electricity hits you!
* * * LOW HITPOINT WARNING * * *
As you read the scroll of butterflies, it crumbles to dust.
You hear the flapping of tiny wings.
The electric eel is knocked back by the sudden gust.
The orc splashes around in the water.
You swap places.
The sky beast misses your butterfly.
You hear a splashing noise.
The sky beast barely misses your butterfly.
The electric eel shoots out a bolt of lightning at you!
The bolt of electricity hits your butterfly!
Your butterfly dies!
Your butterfly disappears in a burst of colours!
The bolt of electricity hits you!
You die...

...?........o.~~~~≈≈≈≈≈≈≈~~
..........###.o~b~≈≈≈≈≈≈≈~P
..........# ##♣b♣≈≈≈≈≈≈≈≈~~
..........# #~♣obYb≈≈b≈≈≈~
..........# #~♣~bbb≈b≈≈≈~
#.........# #♣~~b~~bb≈b≈
##......#.#


♣~♣bbbbbb≈~ ########.# #♣bb~bSb≈≈~ #.#####♣@~~~bb~P~ #......~bb♣~~P~~~
#######~~~bP~S~~~ ##~bb♣~~~♣~ ##P~~~P~P~ #~♣~~♣P~~ #♣~P~ ♣ ~~♣~ You could see a
sky beast (ally target) and 2 electric eels.

Vanquished Creatures
  Grinder (D:5)
  Eustachio (D:4)
  An ice beast (D:6)
  3 black bears
  2 phantoms (D:6)
  4 centaurs
  A kobold brigand (D:5)
  A bullfrog (D:4)
  2 scorpions
  6 wights (D:7)
  A howler monkey (D:6)
  An electric eel (D:7)
  A jelly (D:4)
  A hound (D:4)
  A gnoll bouda (D:4)
  4 orc priests
  5 iguanas
  5 orc wizards
  8 gnolls (D:4)
  5 adders
  6 ufetubi
  A worm (D:5)
  20 orcs
  7 ball pythons
  3 endoplasms
  2 giant cockroaches
  8 goblins
  9 hobgoblins
  3 jackals (D:2)
  A quokka (D:1)
  5 bats
  7 frilled lizards
  13 kobolds
  5 rats
  A butterfly (D:4)
145 creatures vanquished.

Notes
Turn   | Place    | Note
-------+----------+-------------------------------------------
     0 | D:1      | BinkBink the Spriggan Hunter began the quest for the Orb.
     0 | D:1      | Reached XP level 1. HP: 10/10 MP: 2/2
   102 | D:1      | Reached XP level 2. HP: 13/14 MP: 3/3
   132 | D:1      | You fall into a shaft and drop 1 floor!
   836 | D:2      | Reached skill level 5 in Ranged Weapons
   843 | D:2      | Reached XP level 3. HP: 18/18 MP: 4/4
   871 | D:2      | Found Wooheog's Weapon Shoppe.
  1562 | D:3      | Found a burning altar of Makhleb.
  1636 | D:3      | Reached XP level 4. HP: 22/22 MP: 5/5
  1880 | D:3      | Noticed a scorpion
  2086 | D:3      | Killed a scorpion
  2087 | D:3      | Reached skill level 6 in Ranged Weapons
  2087 | D:3      | Reached XP level 5. HP: 25/25 MP: 6/6
  2248 | D:3      | Found a runed translucent door.
  2250 | D:3      | Noticed Crazy Yiuf
  2482 | D:3      | Found a glowing golden altar of the Shining One.
  2712 | D:4      | Noticed a black bear
  2739 | D:4      | Killed a black bear
  2740 | D:4      | Reached skill level 7 in Ranged Weapons
  2740 | D:4      | Reached XP level 6. HP: 25/30 MP: 7/7
  2852 | D:4      | Found a shimmering altar of Xom.
  3066 | D:4      | Reached skill level 8 in Ranged Weapons
  3327 | D:4      | Reached XP level 7. HP: 33/33 MP: 8/8
  3405 | D:4      | Found a staircase to the Ecumenical Temple.
  3411 | D:4      | Noticed Eustachio
  3481 | D:4      | Killed Eustachio
  3482 | D:4      | Reached skill level 9 in Ranged Weapons
  4011 | D:5      | Entered Level 5 of the Dungeon
  4232 | D:5      | Found an ancient bone altar of Kikubaaqudgha.
  4258 | D:5      | Reached skill level 10 in Ranged Weapons
  4292 | D:5      | Reached XP level 8. HP: 37/37 MP: 9/9
  4957 | D:5      | Noticed Grinder
  4984 | D:5      | Killed Grinder
  5125 | D:6      | Reached skill level 11 in Ranged Weapons
  5572 | D:6      | Reached skill level 12 in Ranged Weapons
  5835 | D:6      | Found Tadiahip's Jewellery Emporium.
  6413 | D:7      | Found a shadowy altar of Dithmenos.
  6427 | D:7      | Reached XP level 9. HP: 41/41 MP: 10/10
  7256 | D:7      | Reached skill level 13 in Ranged Weapons
  7722 | D:7      | Killed from afar by an electric eel

Illustrated notes

Levels and vault maps discovered:
D:1:      minmay_arrival_glassed_features, layout_basic, minmay_pentomino_r4
D:2:      layout_basic, serial_shops, shop
D:3:      layout_basic, mainiacjoe_overflow_24_doors, lemuel_crystal_altar,
          uniq_crazy_yiuf_cottage
D:4:      layout_loops_ring, xom_butterflies, minmay_temple_entry_overgrown,
          uniq_eustachio
D:5:      layout_layer_cave, mainiacjoe_overflow_cross_hatched,
          nicolae_nh_oracle_at_delphi, uniq_grinder
D:6:      layout_cave_pods, serial_shops, nicolae_shop_gaudy_bauble
D:7:      layout_rooms, nicolae_dithmenos_through_a_glass_darkly,
          serial_bayou_lake_a

Skill      XL: |  1  2  3  4  5  6  7  8  9 |
---------------+----------------------------+-----
Ranged Weapons | 5 6 7 8 10 12 13 | 13.1
Fighting       | |  1.5
Dodging        | |  2.6
Stealth        | |  1.5

Action                     |  1- 3 |  4- 6 |  7- 9 || total
---------------------------+-------+-------+-------++-------
   Fire: Shortbow          |   109 |   154 |   334 ||   597
    Use: Potion            |       |       |     2 ||     2
         Scroll            |       |       |     1 ||     1
 Armour: Robe              |    16 |    12 |    42 ||    70
  Dodge: Dodged            |    56 |    23 |    71 ||   150

Table legend: (Time is in decaauts)
 A = Elapsed time spent in this place.
 B = Non-inter-level travel time spent in this place.
 C = Inter-level travel time spent in this place.
 D = Time resting spent in this place.
 E = Time spent auto-exploring this place.
 F = Levels seen in this place.
 G = Mean time per level.
                   A        B        C        D        E       F      G
               +--------+--------+--------+--------+--------+-----+--------+
         Total |   5669 |   5444 |    225 |   1628 |   2689 |   7 |  809.9 |
       Dungeon |   5669 |   5444 |    225 |   1628 |   2689 |   7 |  809.9 |
               +--------+--------+--------+--------+--------+-----+--------+

Top non-repeatable levels by time:
     D:6: 1177 daAuts
     D:4: 1042 daAuts
     D:7: 924 daAuts
     D:3: 787 daAuts
     D:5: 731 daAuts
     D:2: 535 daAuts
     D:1: 470 daAuts
